[Event "Titled Tuesday Blitz July 20 2021"]
[White "Babiy, Olga"]
[Black "Rahman, Ziaur"]
[WhiteFideId "14117258"]
[BlackFideId "10200037"]
[WhiteElo "2230"]
[BlackElo "2460"]
[Result "0-1"]
[Round "07"]
[TimeControl "180+1"]
[Date "2021.07.21"]
[WhiteClock "0:00:13"]
[BlackClock "0:00:23"]

1. d4 d5 2. Bf4 c5 3. e3 cxd4 4. exd4 Nc6 5. c3 Bf5 6. Qb3 Qd7 7. Nf3 e6 8. Bb5 Bd6 9. Ne5 Qc7 10. Bg3 Ne7 11. Nd2 f6 12. Nef3 O-O 13. O-O a6 14. Be2 Bxg3 15. hxg3 Bg6 16. Nh4 Bf7 17. f4 b5 18. Nhf3 Nf5 19. Kh2 Na5 20. Qa3 Ne3 21. Rfc1 Nac4 22. Nxc4 bxc4 23. b3 h6 24. Qb2 g5 25. Qd2 gxf4 26. Kg1 Kh8 27. bxc4 Rg8 28. gxf4 Rxg2+ 29. Kh1 Qxf4 30. Rg1 Qg3 0-1


[Site "https://www.chess.com"]

[Event "Titled Tuesday Blitz July 20 2021"]
[White "Bach, Ngoc Thuy Duong"]
[Black "Garcia Ramos, Daniel"]
[WhiteFideId "12408956"]
[BlackFideId "32010311"]
[WhiteElo "1896"]
[BlackElo "2321"]
[Result "0-1"]
[Round "07"]
[TimeControl "180+1"]
[Date "2021.07.21"]
[WhiteClock "0:00:02"]
[BlackClock "0:00:03"]

1. d4 d5 2. c4 c6 3. Nf3 Nf6 4. Nc3 e6 5. Bg5 h6 6. Bh4 dxc4 7. e4 g5 8. Bg3 b5 9. Be2 Bb7 10. Qc2 Nbd7 11. Rd1 Qb6 12. O-O Be7 13. Ne5 h5 14. h3 a5 15. Rfe1 h4 16. Bh2 Kf8 17. a4 Rg8 18. axb5 cxb5 19. d5 exd5 20. exd5 Bc5 21. Nxd7+ Nxd7 22. Bg4 Nf6 23. Ne4 Nxg4 24. hxg4 Bb4 25. Re2 Rd8 26. d6 Rg6 27. d7 Kg7 28. Be5+ Kh6 29. Bc3 Bf8 30. Nf6 Rxf6 31. Bxf6 Qxf6 32. Re8 Bg7 33. Qf5 Qxf5 34. gxf5 Bf6 35. Rd6 Kg7 36. Rxf6 Rxd7 37. Rb6 b4 38. f6+ Kg6 39. Re7 Bc8 40. Rc6 Rd1+ 41. Kh2 Be6 42. Rc8 Kxf6 0-1


[Site "https://www.chess.com"]

[Event "Titled Tuesday Blitz July 20 2021"]
[White "Bakalchuk, Johnatan"]
[Black "Pichot, Alan"]
[WhiteFideId "2810301"]
[BlackFideId "110973"]
[WhiteElo "2507"]
[BlackElo "2622"]
[Result "0-1"]
[Round "07"]
[TimeControl "180+1"]
[Date "2021.07.20"]
[WhiteClock "0:00:17"]
[BlackClock "0:01:54"]

1. c4 Nf6 2. Nf3 e6 3. g3 d5 4. b3 d4 5. Bg2 c5 6. O-O Nc6 7. e3 Bd6 8. exd4 cxd4 9. Na3 O-O 10. Nc2 a5 11. d3 h6 12. a3 e5 13. Rb1 Bf5 14. b4 axb4 15. axb4 Qd7 16. Re1 Rfe8 17. c5 Bc7 18. b5 Nd8 19. Na3 Nd5 20. Qc2 Nc3 21. Ra1 e4 22. Nh4 exd3 23. Rxe8+ Qxe8 24. Qd2 Be4 25. Bf1 Ne6 26. Bb2 Nxc5 27. Re1 Nb3 0-1


[Site "https://www.chess.com"]

[Event "Titled Tuesday Blitz July 20 2021"]
[White "Bartel, Mateusz"]
[Black "Khusnutdinov, Rustam"]
[WhiteFideId "1112635"]
[BlackFideId "13701703"]
[WhiteElo "2586"]
[BlackElo "2571"]
[Result "0-1"]
[Round "07"]
[TimeControl "180+1"]
[Date "2021.07.20"]
[WhiteClock "0:00:03"]
[BlackClock "0:00:21"]

1. e4 e6 2. Qe2 c5 3. Nf3 Nc6 4. g3 g6 5. Bg2 Bg7 6. c3 e5 7. d3 Nge7 8. Na3 O-O 9. O-O d6 10. Nc4 h6 11. a4 Be6 12. Nfd2 Qd7 13. Nb3 f5 14. f4 exf4 15. Bxf4 g5 16. Be3 Rae8 17. Rae1 b6 18. Ncd2 d5 19. exf5 Nxf5 20. Bf2 d4 21. Qd1 dxc3 22. bxc3 Ne5 23. d4 Nd3 24. Rxe6 Qxe6 25. d5 Qe2 26. Qxe2 Rxe2 27. Bf3 Rxf2 28. Rxf2 Nxf2 29. Kxf2 Bxc3 30. Ne4 g4 31. Bxg4 Nd6+ 32. Ke3 Nc4+ 33. Ke2 Be5 34. Be6+ Kg7 35. Kd3 Nd6 36. Nxd6 Bxd6 37. Nd2 Kf6 38. Nc4 Ke7 39. Ke2 Rb8 40. Ne3 Be5 41. Nf5+ Kf6 42. Nxh6 Bd6 43. Ng4+ Ke7 44. Ne3 Kf6 45. Ng4+ Ke7 46. Ne3 Be5 47. Nf5+ Kf6 48. Ne3 Bc7 49. Kf3 a6 50. h4 b5 51. axb5 axb5 52. g4 b4 53. g5+ Ke5 54. Nc4+ Kd4 55. d6 Bxd6 56. Nxd6 Rb6 57. Nf5+ Ke5 58. Bd7 b3 59. Ne3 b2 60. Bf5 Rb3 61. Bb1 Kd4 62. Kf4 Rxe3 63. g6 Re1 64. g7 Rg1 0-1


[Site "https://www.chess.com"]

[Event "Titled Tuesday Blitz July 20 2021"]
[White "Baskin, Robert"]
[Black "Koridze, Lile"]
[WhiteFideId "24662402"]
[BlackFideId "13612514"]
[WhiteElo "2462"]
[BlackElo "1978"]
[Result "1-0"]
[Round "07"]
[TimeControl "180+1"]
[Date "2021.07.21"]
[WhiteClock "0:00:06"]
[BlackClock "0:00:13"]

1. e4 c5 2. Nf3 d6 3. Bb5+ Bd7 4. Bxd7+ Qxd7 5. O-O Nc6 6. c3 Nf6 7. Qe2 g6 8. d4 cxd4 9. cxd4 Bg7 10. Nc3 O-O 11. h3 a6 12. Bg5 Ne8 13. Rfd1 Nc7 14. Rac1 d5 15. e5 Ne6 16. Be3 f6 17. Qd2 fxe5 18. dxe5 Rxf3 19. Nxd5 Nxe5 20. Qe2 Qe8 21. gxf3 Qf7 22. f4 Nc6 23. Rc4 Rf8 24. Kh2 Kh8 25. b4 Qf5 26. Qg4 Qf7 27. a4 Rd8 28. b5 axb5 29. axb5 Nb8 30. Re4 Rd6 31. Rc1 h5 32. Rc8+ Kh7 33. Qf3 Nd7 34. Nc7 Ne5 35. Rxe5 Bxe5 36. Nxe6 Rxe6 37. Qg3 Bd6 38. Bd4 g5 39. Rh8+ Kg6 40. Qxg5# 1-0


[Site "https://www.chess.com"]

[Event "Titled Tuesday Blitz July 20 2021"]
[White "Belyakov, Bogdan"]
[Black "Roman, Rodrigo"]
[WhiteFideId "24104795"]
[BlackFideId "3701220"]
[WhiteElo "2407"]
[BlackElo "2043"]
[Result "1-0"]
[Round "07"]
[TimeControl "180+1"]
[Date "2021.07.20"]
[WhiteClock "0:00:58"]
[BlackClock "0:01:36"]

1. e4 a6 2. Bc4 b5 3. Bxf7+ Kxf7 4. Qh5+ g6 5. Qd5+ e6 6. Qxa8 Nc6 7. Nf3 Nge7 8. O-O Bg7 9. a4 b4 10. c3 d6 11. d4 Qd7 12. Bg5 Na5 13. Bxe7 Bb7 14. Qa7 Ra8 15. Qxa8 Bxa8 16. Bg5 Nb3 17. Ra2 Bxe4 18. Nbd2 Nxd2 19. Nxd2 Bd5 20. Raa1 bxc3 21. bxc3 Qc6 22. f3 Qxc3 23. Kh1 h6 24. Rac1 Qxd4 25. Rxc7+ Kg8 26. Rc8+ Kh7 27. Ne4 Qd2 28. Bxd2 1-0


[Site "https://www.chess.com"]

[Event "Titled Tuesday Blitz July 20 2021"]
[White "Boidiya, Sidi"]
[Black "Taichman, Ori"]
[WhiteFideId "19600100"]
[BlackFideId "2804069"]
[WhiteElo "2113"]
[BlackElo "2227"]
[Result "0-1"]
[Round "07"]
[TimeControl "180+1"]
[Date "2021.07.21"]
[WhiteClock "0:01:34"]
[BlackClock "0:01:38"]

1. e4 c5 2. Nc3 Nc6 3. g3 Rb8 4. Bg2 b5 5. d3 b4 6. Nd5 e6 7. Ne3 Nf6 8. Ne2 d5 9. exd5 Nxd5 10. Nxd5 exd5 11. O-O Be7 12. Nf4 Be6 13. Re1 Qd7 14. Nxe6 fxe6 15. Qg4 O-O 16. Bh3 Nd4 17. Bh6 Bf6 18. c3 Nc2 19. Rxe6 Nxa1 20. Rxf6 Qxg4 21. Rxf8+ Rxf8 22. Bxg4 gxh6 0-1


[Site "https://www.chess.com"]

[Event "Titled Tuesday Blitz July 20 2021"]
[White "Borsuk, Konstantin"]
[Black "Zhigalko, Sergei"]
[WhiteFideId "14113406"]
[BlackFideId "13502956"]
[WhiteElo "2363"]
[BlackElo "2662"]
[Result "0-1"]
[Round "07"]
[TimeControl "180+1"]
[Date "2021.07.20"]
[WhiteClock "0:00:16"]
[BlackClock "0:00:57"]

1. d4 Nf6 2. c4 e6 3. Nc3 Bb4 4. Qc2 O-O 5. a3 Bxc3+ 6. Qxc3 d6 7. f3 d5 8. Bg5 h6 9. Bh4 c5 10. dxc5 d4 11. Qd2 e5 12. e3 Nc6 13. Bf2 a5 14. Ne2 Re8 15. O-O-O a4 16. Kb1 Na5 17. Ng3 Nb3 18. Qc2 Be6 19. exd4 exd4 20. Bxd4 Nxd4 21. Qc3 Nb5 22. Rxd8 Nxc3+ 0-1


[Site "https://www.chess.com"]

[Event "Titled Tuesday Blitz July 20 2021"]
[White "Bortnyk, Olexandr"]
[Black "Onyshchuk, Volodymyr"]
[WhiteFideId "14120828"]
[BlackFideId "14114038"]
[WhiteElo "2723"]
[BlackElo "2603"]
[Result "1-0"]
[Round "07"]
[TimeControl "180+1"]
[Date "2021.07.20"]
[WhiteClock "0:00:06"]
[BlackClock "0:00:18"]

1. e4 d6 2. d4 Nf6 3. Nc3 g6 4. Bg5 Bg7 5. Qd2 h6 6. Bh4 O-O 7. f4 e5 8. dxe5 Nxe4 9. Bxd8 Nxd2 10. Bxc7 Nxf1 11. Kxf1 dxe5 12. Bxe5 Bxe5 13. fxe5 Nc6 14. Nf3 Bf5 15. Kf2 Bxc2 16. Rhe1 Bf5 17. a3 Rfd8 18. Rad1 Kf8 19. h3 Rxd1 20. Rxd1 Rd8 21. Rxd8+ Nxd8 22. Nd4 Bd7 23. Ke3 Nc6 24. Nf3 Be6 25. b4 Ke7 26. Ke4 Kd7 27. g4 Ne7 28. Nd4 Bc4 29. h4 Nc6 30. Nxc6 Kxc6 31. Kd4 Be6 32. g5 h5 33. Ne4 b6 34. Nd6 Kd7 35. a4 Kc6 36. b5+ Kd7 37. Kc3 Bd5 38. Kb4 Be6 39. a5 Kc7 40. Ne8+ Kd7 41. Nd6 Kc7 42. a6 Kd7 43. Kc3 Ke7 44. Kd4 Kd7 45. Ne4 Ke7 46. Nf6 Kd8 47. Ne4 Ke7 48. Nc3 Kd8 49. Ne2 Bd7 50. Kc4 Be6+ 51. Kb4 Kd7 52. Nf4 Ba2 53. Kc3 Be6 54. Kd4 Ba2 55. Nd3 Be6 56. Nb4 Kc7 57. Nc6 Bh3 58. Nxa7 Bf1 59. e6 fxe6 60. Ke5 Kd7 61. Kf6 Bd3 62. Nc6 Bxb5 63. Ne5+ Kc7 64. a7 Kb7 65. Kxg6 Be8+ 66. Kf6 b5 67. g6 Bxg6 68. Kxg6 b4 69. Nd3 b3 70. Nc5+ Kxa7 71. Nxb3 Kb6 72. Kxh5 1-0


[Site "https://www.chess.com"]

[Event "Titled Tuesday Blitz July 20 2021"]
[White "Chen, Max"]
[Black "Stribuk, Artiom"]
[WhiteFideId "2622440"]
[BlackFideId "13515659"]
[WhiteElo "2427"]
[BlackElo "2224"]
[Result "1-0"]
[Round "07"]
[TimeControl "180+1"]
[Date "2021.07.21"]
[WhiteClock "0:00:03"]
[BlackClock "0:00:02"]

1. e4 c5 2. Nf3 Nc6 3. d4 cxd4 4. Nxd4 Nf6 5. Nc3 e5 6. Nb3 Bb4 7. Qd3 O-O 8. Bd2 Bxc3 9. Bxc3 d5 10. exd5 Nxd5 11. O-O-O Nxc3 12. Qxc3 Qg5+ 13. Kb1 Bf5 14. h4 Qf4 15. Bc4 Rac8 16. g3 Qxf2 17. Rhf1 Qxc2+ 18. Qxc2 Bxc2+ 19. Kxc2 Nb4+ 20. Kc3 Nxa2+ 21. Kd3 Nb4+ 22. Kc3 Na2+ 23. Kd3 h6 24. Bd5 Nb4+ 25. Ke4 Nxd5 26. Rxd5 Rc2 27. Rd2 Rfc8 28. Rfd1 f6 29. Rxc2 Rxc2 30. Rd2 Rc4+ 31. Kd5 Rg4 32. Rd3 h5 33. Ke6 Kh7 34. Nc5 b6 35. Nd7 e4 36. Re3 Kg8 37. Nb8 a5 38. Nd7 Kh7 39. Nxb6 g5 40. hxg5 fxg5 41. Kf5 Kh6 42. Nc4 Kg7 43. Ne5 Rxg3 44. Rxg3 Kh6 45. Rxg5 1-0


[Site "https://www.chess.com"]

[Event "Titled Tuesday Blitz July 20 2021"]
[White "Chigaev, Maksim"]
[Black "LuckSlayeer"]
[WhiteFideId "4108116"]
[WhiteElo "2646"]
[BlackElo "2572"]
[Result "1-0"]
[Round "07"]
[TimeControl "180+1"]
[Date "2021.07.20"]
[WhiteClock "0:00:05"]
[BlackClock "0:00:01"]

1. d4 Nf6 2. c4 e6 3. Nf3 d5 4. g3 dxc4 5. Bg2 a6 6. a4 Nc6 7. O-O Bb4 8. Nc3 O-O 9. Bg5 h6 10. Bxf6 Qxf6 11. e3 Rb8 12. Nd2 Na5 13. Qc2 b5 14. axb5 axb5 15. Nde4 Qe7 16. Nc5 c6 17. N5e4 Nb3 18. Ra2 c5 19. d5 exd5 20. Nxd5 Qe5 21. f4 Qe6 22. f5 Qe5 23. g4 Kh8 24. Nf4 Bb7 25. Ra7 Bxe4 26. Bxe4 Bd2 27. Kg2 Bxe3 28. Nd5 Nd4 29. Qb1 Bg5 30. f6 Rfe8 31. Re7 Rxe7 32. fxe7 Re8 33. Rxf7 Bxe7 34. Nxe7 Ne6 35. Ng6+ Kg8 36. Nxe5 1-0


[Site "https://www.chess.com"]

[Event "Titled Tuesday Blitz July 20 2021"]
[White "Dardha, Daniel"]
[Black "FGHSMN"]
[WhiteFideId "240990"]
[WhiteElo "2489"]
[BlackElo "2533"]
[Result "1-0"]
[Round "07"]
[TimeControl "180+1"]
[Date "2021.07.21"]
[WhiteClock "0:00:19"]
[BlackClock "0:00:04"]

1. d4 Nf6 2. c4 e6 3. Nc3 c5 4. d5 exd5 5. cxd5 d6 6. e4 g6 7. h3 Bg7 8. Bd3 O-O 9. Nf3 b5 10. Nxb5 Re8 11. Nd2 Nxd5 12. Nc4 Nb4 13. Ncxd6 Nxd3+ 14. Qxd3 Ba6 15. Qd5 Bxb5 16. Qxf7+ Kh8 17. Nxe8 Bxe8 18. Qc4 a6 19. a4 Qd4 20. Qxd4 Bxd4 21. Ke2 Nc6 22. Rb1 Rb8 23. Be3 Bf7 24. b3 Bxb3 25. Bxd4+ Nxd4+ 26. Ke3 Rd8 27. Rhc1 Nc2+ 28. Kf4 c4 29. a5 Nb4 30. Rc3 Na2 31. Rcxb3 cxb3 32. Rxb3 Nc1 33. Rb6 Nd3+ 34. Kg3 Nc5 35. f3 Rd4 36. Rc6 1-0


[Site "https://www.chess.com"]

[Event "Titled Tuesday Blitz July 20 2021"]
[White "De Silva, L M S T"]
[Black "Zherebtsova, Alexandra"]
[WhiteFideId "9953698"]
[BlackFideId "24129518"]
[WhiteElo "1621"]
[BlackElo "2025"]
[Result "1-0"]
[Round "07"]
[TimeControl "180+1"]
[Date "2021.07.21"]
[WhiteClock "0:00:23"]
[BlackClock "0:00:02"]

1. e4 e5 2. Nf3 Nc6 3. d4 exd4 4. Bc4 Nf6 5. O-O Nxe4 6. Nc3 Nxc3 7. bxc3 d5 8. Bb5 Be7 9. Ne5 Bd7 10. Nxd7 Qxd7 11. cxd4 O-O 12. c3 a6 13. Bd3 Bf6 14. Bf4 Rfe8 15. Qf3 Ne7 16. h4 Ng6 17. h5 Nxf4 18. Qxf4 Qd6 19. Qf3 c6 20. a4 b5 21. a5 Re7 22. Rae1 Rae8 23. Rxe7 Rxe7 24. Qf5 g6 25. Qc8+ Kg7 26. Qxa6 Bh4 27. Bxb5 Qf4 28. Qxc6 Re1 29. h6+ Kxh6 30. f3 Rxf1+ 31. Bxf1 Qe3+ 32. Kh1 Qf2 33. Qb5 Bg5 34. Qe2 Qg3 35. Kg1 Bf4 36. Qe7 Qh2+ 37. Kf2 Qg3+ 38. Ke2 Qh2 39. a6 1-0


[Site "https://www.chess.com"]

[Event "Titled Tuesday Blitz July 20 2021"]
[White "Derige Kane, Yan"]
[Black "Pein, Jonathan"]
[WhiteFideId "20665431"]
[BlackFideId "417092"]
[WhiteElo "2169"]
[BlackElo "2167"]
[Result "0-1"]
[Round "07"]
[TimeControl "180+1"]
[Date "2021.07.21"]
[WhiteClock "0:00:04"]
[BlackClock "0:00:08"]

1. d4 Nf6 2. Bg5 c5 3. d5 b5 4. Bxf6 gxf6 5. Nc3 b4 6. Ne4 f5 7. Ng3 d6 8. Nf3 Bg7 9. Qc1 h5 10. h4 Qa5 11. e3 Bb7 12. Nxf5 Bf6 13. e4 Nd7 14. Be2 b3+ 15. c3 bxa2 16. O-O Rg8 17. Bc4 Rg4 18. Qe3 O-O-O 19. Rxa2 Qb6 20. Rfa1 Rdg8 21. g3 e6 22. Nh6 exd5 23. Nxg8 dxc4 24. Nxf6 Nxf6 25. Qh6 Nxe4 26. Qf8+ Qd8 27. Qxf7 Nxg3 28. fxg3 Rxg3+ 29. Kf2 Rxf3+ 30. Qxf3 Bxf3 31. Kxf3 Qxh4 32. Rxa7 Qg4+ 33. Ke3 Qg3+ 34. Ke4 Qe5+ 35. Kf3 h4 36. Ra8+ Kb7 37. R1a6 Qg3+ 38. Ke4 Qg2+ 39. Kf5 Qxb2 40. R8a7+ Kb8 41. Ra8+ Kc7 42. R8a7+ Kb8 43. Ke6 Qe2+ 44. Kd7 Qg4+ 45. Kc6 Qc8+ 46. Kd5 Qf5+ 47. Kc6 Qe4+ 48. Kxd6 h3 49. Kxc5 h2 50. Rg7 Qe5+ 51. Kb4 Qxg7 52. Rb6+ Qb7 53. Rxb7+ Kxb7 54. Kxc4 h1=Q 0-1


[Site "https://www.chess.com"]

[Event "Titled Tuesday Blitz July 20 2021"]
[White "Derraugh, Geordie"]
[Black "Czopor, Maciej"]
[WhiteFideId "2603950"]
[BlackFideId "21805431"]
[WhiteElo "2132"]
[BlackElo "1939"]
[Result "1-0"]
[Round "07"]
[TimeControl "180+1"]
[Date "2021.07.21"]
[WhiteClock "0:00:03"]
[BlackClock "0:00:08"]

1. e4 c5 2. Nf3 e6 3. d3 d5 4. Qe2 dxe4 5. dxe4 Nc6 6. g3 Nf6 7. Bg2 Be7 8. O-O O-O 9. Bf4 Nd4 10. Nxd4 cxd4 11. Rd1 Qb6 12. Nd2 Qxb2 13. Nc4 Qb5 14. Rxd4 Bc5 15. Rdd1 e5 16. Bxe5 Be6 17. Bf1 Bxc4 18. Qxc4 Qxc4 19. Bxc4 Nxe4 20. Bd4 Rad8 21. c3 b6 22. Kg2 Rd7 23. Bd3 Nd6 24. Be5 Rfd8 25. Bc2 Nc4 26. Rxd7 Rxd7 27. Bf4 g6 28. Bh6 Bf8 29. Bxf8 Kxf8 30. Rd1 Rxd1 31. Bxd1 Ke7 32. Kf3 f5 33. Ke2 Kd6 34. Bb3 Ne5 35. f4 Ng4 36. Bg8 Nf6 37. Bb3 1-0


[Site "https://www.chess.com"]

[Event "Titled Tuesday Blitz July 20 2021"]
[White "DieHardCuban"]
[Black "Kretov, Evgenij"]
[BlackFideId "4167821"]
[WhiteElo "2459"]
[BlackElo "2400"]
[Result "0-1"]
[Round "07"]
[TimeControl "180+1"]
[Date "2021.07.21"]
[WhiteClock "0:00:01"]
[BlackClock "0:01:10"]

1. d4 Nf6 2. c4 c5 3. d5 e5 4. Nc3 d6 5. e4 Be7 6. Bd3 O-O 7. Nf3 Ne8 8. h4 Nd7 9. h5 h6 10. Be3 Ndf6 11. Nd2 Bg4 12. Be2 Bd7 13. Nf1 Nh7 14. Qd2 Bg5 15. O-O-O a6 16. g3 Bxe3 17. Nxe3 b5 18. f4 Qe7 19. Bf3 Nhf6 20. Qc2 Nc7 21. Rde1 Rfe8 22. Rhf1 Rab8 23. Ng2 bxc4 24. fxe5 Qxe5 25. Ne3 Nb5 26. Nxc4 Qxg3 27. e5 Nd4 28. Qd3 Bf5 29. Qd1 dxe5 30. d6 e4 31. Be2 Qg5+ 32. Qd2 e3 33. Qd1 Bc2 34. Qxc2 Nxc2 35. Kxc2 Nd5 36. Rg1 Qf5+ 37. Kc1 Nxc3 38. bxc3 Rb1# 0-1


[Site "https://www.chess.com"]

[Event "Titled Tuesday Blitz July 20 2021"]
[White "Wagner, Dinara"]
[Black "Triapishko, Alexandr"]
[WhiteFideId "24157570"]
[BlackFideId "14122286"]
[WhiteElo "2260"]
[BlackElo "2490"]
[Result "0-1"]
[Round "07"]
[TimeControl "180+1"]
[Date "2021.07.20"]
[WhiteClock "0:00:04"]
[BlackClock "0:00:03"]

1. d4 d6 2. Nf3 Nf6 3. c4 g6 4. g3 Bg7 5. Bg2 O-O 6. Nc3 Bf5 7. Nh4 Bc8 8. O-O c5 9. dxc5 dxc5 10. Be3 Qa5 11. Qb3 Ng4 12. Bf4 Bxc3 13. bxc3 Nc6 14. Rad1 Qa6 15. Qb5 Qxa2 16. Qxc5 Qa5 17. Qb5 Qxc3 18. Rd3 Qf6 19. Nf3 a6 20. Qc5 e5 21. Bg5 Qg7 22. h3 e4 23. Rd6 exf3 24. exf3 Nge5 25. Bf6 Nd7 26. Bxg7 Nxc5 27. Bxf8 Kxf8 28. f4 Be6 29. Rfd1 Rc8 30. Bd5 Ke7 31. Bxe6 fxe6 32. R6d2 a5 33. g4 a4 34. f5 gxf5 35. gxf5 exf5 36. Rd5 Ne6 37. Rb5 Ncd4 38. Rxb7+ Kf6 39. Ra1 Rxc4 40. Rxh7 Nb3 41. Ra3 Ned4 42. Ra7 Nc5 43. Rc7 Nb5 44. Rc6+ Ke7 45. Ra1 Kd7 46. Rb6 Nd4 47. Rf6 Ncb3 48. Ra2 Rc1+ 49. Kg2 Rc4 50. Ra6 Nc5 51. Rf6 Ke7 52. Rb6 Kf7 53. Rb8 Ke6 54. Rc8 Kd5 55. Rd8+ Kc6 56. Rc8+ Kb7 57. Rd8 Nd3 58. Rf8 Nf4+ 59. Kg3 Nde2+ 60. Kf3 Rc3# 0-1


[Site "https://www.chess.com"]

[Event "Titled Tuesday Blitz July 20 2021"]
[White "Eynullayev, Altay"]
[Black "Silich, Yahor"]
[WhiteFideId "13413562"]
[BlackFideId "13513656"]
[WhiteElo "2079"]
[BlackElo "2142"]
[Result "0-1"]
[Round "07"]
[TimeControl "180+1"]
[Date "2021.07.21"]
[WhiteClock "0:00:01"]
[BlackClock "0:00:02"]

1. e4 c5 2. Nf3 Nc6 3. Bb5 g6 4. Bxc6 dxc6 5. O-O Bg7 6. h3 Nf6 7. d3 Nd7 8. Nc3 b6 9. Be3 h6 10. Qd2 e5 11. Nh2 Nf8 12. f4 exf4 13. Bxf4 g5 14. Bg3 Ng6 15. Rae1 O-O 16. Nf3 f5 17. exf5 Bxf5 18. Ne5 Qd4+ 19. Bf2 Qd6 20. Nxg6 Bxg6 21. Re2 Rae8 22. Rfe1 Rxe2 23. Rxe2 Kh7 24. Qe1 Rf7 25. Re6 Qf4 26. Bg3 Bd4+ 27. Kh2 Qf5 28. Rxc6 h5 29. Qe6 h4 30. Bb8 Qxe6 31. Rxe6 Rf1 32. Re7+ Kh6 33. Rxa7 Bg1+ 34. Kh1 b5 35. Nxb5 c4 36. Rb7 cxd3 37. cxd3 Bxd3 38. Nc3 Kh5 39. a4 Ba6 40. Rb3 Bb6+ 41. Kh2 Bg1+ 42. Kh1 Bc4 43. Rb7 Ba6 0-1


[Site "https://www.chess.com"]

[Event "Titled Tuesday Blitz July 20 2021"]
[White "Gabdushev, Ruslan"]
[Black "Bryakin, Mikhail"]
[WhiteFideId "4137833"]
[BlackFideId "4165314"]
[WhiteElo "2312"]
[BlackElo "2403"]
[Result "0-1"]
[Round "07"]
[TimeControl "180+1"]
[Date "2021.07.21"]
[WhiteClock "0:00:02"]
[BlackClock "0:01:56"]

1. b3 c5 2. Bb2 b6 3. e3 Bb7 4. f4 Nf6 5. Nf3 g6 6. a4 a6 7. Be2 Bg7 8. O-O O-O 9. Qe1 d5 10. Qh4 Nbd7 11. d3 d4 12. e4 Ne8 13. Nbd2 e6 14. Qxd8 Rxd8 15. Nc4 Bc6 16. e5 Nc7 17. c3 dxc3 18. Bxc3 Nd5 19. Bd2 a5 20. g3 h6 21. Rac1 Nb8 22. Rfd1 Ba8 23. Ne1 Nc6 24. Bf3 Nd4 25. Bxd5 Bxd5 26. Rb1 Rb8 27. Be3 Nc6 28. Nc2 f6 29. exf6 Bxf6 30. N2a3 Rfd8 31. Nb5 Nb4 32. Rd2 Bc6 33. Rbd1 Nd5 34. Bf2 g5 35. f5 exf5 36. Nbd6 f4 37. d4 Nc3 38. Re1 f3 39. dxc5 Ne2+ 40. Kf1 bxc5 41. Bxc5 Rxb3 0-1


[Site "https://www.chess.com"]

[Event "Titled Tuesday Blitz July 20 2021"]
[White "Gelman, Alexander"]
[Black "Djokic, Mihailo"]
[WhiteFideId "4118316"]
[BlackFideId "976440"]
[WhiteElo "2375"]
[BlackElo "2018"]
[Result "1-0"]
[Round "07"]
[TimeControl "180+1"]
[Date "2021.07.21"]
[WhiteClock "0:00:48"]
[BlackClock "0:00:02"]

1. d4 Nf6 2. Nc3 d5 3. Bf4 Bf5 4. f3 e6 5. g4 Bg6 6. h4 h5 7. g5 Nfd7 8. e4 Nb6 9. Bd3 Bb4 10. Ne2 dxe4 11. fxe4 Nc6 12. a3 Bxc3+ 13. bxc3 O-O 14. O-O e5 15. Be3 exd4 16. cxd4 Re8 17. Rf4 Nd5 18. exd5 Ne7 19. c4 Nxd5 20. cxd5 Rxe3 21. Bxg6 fxg6 22. Qd2 Qe7 23. Rf2 Re8 24. Nf4 Qe4 25. Raf1 Kh7 26. d6 cxd6 27. d5 Rg3+ 28. Rg2 Rxa3 29. Re2 Re3 30. Rxe3 Qxe3+ 31. Qxe3 Rxe3 32. Kg2 a5 33. Rb1 Re4 34. Kf3 Rb4 35. Rxb4 axb4 36. Ke4 b5 37. Kd3 Kg8 38. Kc2 Kf7 39. Kb3 Ke7 40. Kxb4 1-0


[Site "https://www.chess.com"]

[Event "Titled Tuesday Blitz July 20 2021"]
[White "Golubenko, Valentina"]
[Black "Vukovic, Zdravko"]
[WhiteFideId "4501993"]
[BlackFideId "900877"]
[WhiteElo "2164"]
[BlackElo "2592"]
[Result "0-1"]
[Round "07"]
[TimeControl "180+1"]
[Date "2021.07.21"]
[WhiteClock "0:00:12"]
[BlackClock "0:01:22"]

1. d4 d5 2. g3 Nf6 3. Bg2 e6 4. Nf3 b5 5. O-O Nbd7 6. a4 b4 7. c4 bxc3 8. Nxc3 Ba6 9. Re1 Be7 10. e4 dxe4 11. Ng5 O-O 12. Ngxe4 Rb8 13. Qc2 c5 14. Nxf6+ Nxf6 15. dxc5 Bxc5 16. Ne4 Bd4 17. Rd1 Rc8 18. Qd2 e5 19. Qe1 Nxe4 20. Bxe4 f5 21. Bd3 Bxd3 22. Rxd3 Bxf2+ 23. Qxf2 Qxd3 24. Be3 Rc2 25. Qf3 e4 26. Qf4 Qe2 27. Bf2 Qf3 28. Qxf3 exf3 29. b4 Re8 30. b5 Ree2 31. Bxa7 Rxh2 32. b6 Rcg2+ 33. Kf1 Rh1# 0-1


[Site "https://www.chess.com"]

[Event "Titled Tuesday Blitz July 20 2021"]
[White "Gontcharov, Vladislav"]
[Black "Khalafova, Narmin"]
[WhiteFideId "4123492"]
[BlackFideId "13402625"]
[WhiteElo "2503"]
[BlackElo "2109"]
[Result "1-0"]
[Round "07"]
[TimeControl "180+1"]
[Date "2021.07.21"]
[WhiteClock "0:00:35"]
[BlackClock "0:00:02"]

1. e4 c5 2. Nf3 d6 3. d4 Nf6 4. dxc5 Nxe4 5. cxd6 Nc6 6. dxe7 Qxd1+ 7. Kxd1 Nxf2+ 8. Ke1 Nxh1 9. exf8=Q+ Rxf8 10. Bb5 Bf5 11. Na3 Rd8 12. Be3 f6 13. Ke2 Ng3+ 14. hxg3 Kd7 15. Bxa7 Rfe8+ 16. Kf2 Kc7 17. Be3 g5 18. Nc4 Rd5 19. a4 Re7 20. c3 Bd3 21. Na3 Bxb5 22. Nxb5+ Kd7 23. Nbd4 Ne5 24. Nxe5+ Rexe5 25. g4 Re8 26. Rh1 Re7 27. Nf5 Rf7 28. Bd4 Kc6 29. b4 b6 30. Rh6 Rdd7 31. Bxf6 Rd2+ 32. Kf3 Kd5 33. Bxg5 Rd3+ 34. Be3 Rxc3 35. Rxb6 h5 36. a5 hxg4+ 37. Kxg4 Rc4+ 38. Bf4 Ke4 39. Ng3+ Kd3 40. Nh5 Kc3 41. a6 Rxb4 42. Rxb4 Kxb4 43. Be3 1-0


[Site "https://www.chess.com"]

[Event "Titled Tuesday Blitz July 20 2021"]
[White "Grabinsky, Aaron"]
[Black "Perez Gormaz, Matias"]
[WhiteFideId "2087090"]
[BlackFideId "3406342"]
[WhiteElo "2353"]
[BlackElo "2414"]
[Result "1-0"]
[Round "07"]
[TimeControl "180+1"]
[Date "2021.07.20"]
[WhiteClock "0:00:10"]
[BlackClock "0:00:07"]

1. b3 d5 2. Bb2 Bg4 3. f3 Bh5 4. e4 dxe4 5. Qe2 c6 6. Qxe4 Nf6 7. Qe2 Nbd7 8. Nc3 e6 9. Nh3 Qa5 10. g3 Bg6 11. Bg2 Bc5 12. O-O-O Ba3 13. Nf2 O-O-O 14. f4 Nb6 15. Kb1 Bxb2 16. Kxb2 Rd4 17. Rhe1 Rhd8 18. Qe3 Qb4 19. d3 R4d7 20. a3 Qd4 21. Qxd4 Rxd4 22. Re5 Nbd7 23. Re3 Nc5 24. Rde1 a5 25. Re5 Nfd7 26. R5e3 Nf6 27. Ne2 R4d6 28. g4 h5 29. h3 hxg4 30. hxg4 Rh8 31. Rh1 Rdd8 32. Reh3 Rxh3 33. Rxh3 Kc7 34. Bf3 Nd5 35. Bxd5 cxd5 36. Nd4 f6 37. b4 axb4 38. axb4 e5 39. bxc5 exd4 40. f5 Bf7 41. Rh7 Rg8 42. Nh3 Kc6 43. g5 Kxc5 44. gxf6 Kd6 45. Ng5 Ke5 46. Nxf7+ Kxf6 47. Nd6 Rd8 48. Nb5 Kxf5 49. Nxd4+ Kf6 50. Rxg7 Rb8 51. Rc7 Ke5 52. c3 Kd6 53. Nb5+ Ke5 54. Kb3 b6 55. Re7+ Kf6 56. Re1 Ra8 57. Nc7 Rd8 58. Re6+ Kf5 59. Rxb6 Ke5 60. Rb5 Rd7 61. Nxd5 Ke6 62. Nf4+ Kf6 63. d4 Ra7 64. Nd5+ Ke6 65. Nb4 Kd6 66. Rd5+ Kc7 67. Re5 Ra1 68. Kc4 Kd6 69. Rh5 Rh1 70. Rxh1 1-0


[Site "https://www.chess.com"]

[Event "Titled Tuesday Blitz July 20 2021"]
[White "Gracia Alvarez, Gerardo Antonio"]
[Black "Iskusnyh, Sergei"]
[WhiteFideId "5109124"]
[BlackFideId "4120027"]
[WhiteElo "2148"]
[BlackElo "2492"]
[Result "0-1"]
[Round "07"]
[TimeControl "180+1"]
[Date "2021.07.21"]
[WhiteClock "0:00:26"]
[BlackClock "0:00:53"]

1. e4 e6 2. d4 d5 3. Nd2 c5 4. exd5 exd5 5. Ngf3 Nc6 6. Bb5 cxd4 7. O-O Bd6 8. Nb3 Ne7 9. Nbxd4 O-O 10. h3 Nxd4 11. Nxd4 Bc7 12. Re1 Qd6 13. Nf3 Bf5 14. Bd3 Bg6 15. Bg5 Nc6 16. Bh4 Bb6 17. c3 Rfe8 18. Bxg6 hxg6 19. Qd2 f6 20. Rad1 g5 21. Bxg5 fxg5 22. Qxg5 Rxe1+ 23. Rxe1 Rf8 24. Qg4 Qf4 25. Qe6+ Qf7 26. Qg4 d4 27. Re2 Qxa2 28. Ng5 Qb1+ 29. Kh2 Qf5 30. Qh4 Bc7+ 31. g3 d3 32. Rd2 Ne5 33. f4 Qxg5 0-1


[Site "https://www.chess.com"]